cohdb
Replays
Latest Replays
All Replays
Popular Replays
Top Player Replays
Match Explorer
How It Works
Community
CoH3 Stats
Reddit
Sign in to upload your games and track your stats! →
Sign in with Steam
Match 42748871
Unlisted
Match 42748871
Overview
Messages
Build Orders
End
Kradschützen Motorcycle Team
Selects Italian Infantry
Panzergrenadier Squad
Panzergrenadier Squad
250 Light Carrier
Construct Light Support Kompanie
Construct Mechanized Kompanie
Selects Guastatori Squad
Guastatori Squad
Panzerjäger Mechanized Group
2.5-tonne Medical Truck
8 Rad Armored Car
8 Rad Armored Car
Veteran Squad Leaders
Fortune
K̳itsuné
0
0
Comments
sign in to comment!
No comments posted yet!